3R
AMARILLO WARHEADS @ BOMPTON BABY LAKERS
08/02/2038
 
TOP OF THE 1ST
Amarillo Warheads batting - Pitching for Bompton Baby Lakers : RHP Walton Gibbs
Pitching: RHP Walton Gibbs
Batting: RHB Norihisa Kino 0-0: Called Strike
0-1: Ball
1-1: Swinging Strike
1-2: Ball
2-2: Foul Ball, location: 2F
2-2: DOUBLE (Flyball, 8LXD, EV 106.2 MPH)
Batting: LHB Caspar Fewings 0-0: Swinging Strike
0-1: Foul Ball, location: 2F
0-2: Strikes out swinging
Batting: LHB Tippi Degré 0-0: SINGLE (Line Drive, 5D, EV 101.2 MPH)
Norihisa Kino to third
Batting: RHB António Hierro 0-0: Called Strike
0-1: Ball
1-1: Ball
2-1: Ball
3-1: Base on Balls
Tippi Degré to second
Batting: RHB Joe Holmes 0-0: Ball
1-0: Foul Ball, location: 2F
1-1: Swinging Strike
1-2: Strikes out swinging
Batting: RHB David Filmer 0-0: Called Strike
0-1: Hit by Pitch
Norihisa Kino scores
Tippi Degré to third
António Hierro to second
Batting: RHB Curtis Tiger 0-0: Fly out, F8 (Flyball, 78M, EV 83.8 MPH)
Top of the 1st over - 1 run, 2 hits, 0 errors, 3 left on base; Amarillo 1 - Bompton 0
BOTTOM OF THE 1ST
Bompton Baby Lakers batting - Pitching for Amarillo Warheads : RHP Roberto Punyed
Pitching: RHP Roberto Punyed
Batting: RHB Aaron Tuttle 0-0: Swinging Strike
0-1: Ball
1-1: Swinging Strike
1-2: Strikes out swinging
Batting: LHB Ben Chell 0-0: Called Strike
0-1: Ball
1-1: Ball
2-1: Foul Ball, location: 2F
2-2: Foul Ball, location: 2F
2-2: Ball
3-2: Foul Ball, location: 2F
3-2: SINGLE (Groundball, 6MD, EV 95.6 MPH)
Batting: RHB Maema Njongmeta 0-0: Called Strike
0-1: Foul Ball, location: 2F
0-2: Fly out, F7 (Flyball, 78S, EV 86.2 MPH)
Batting: RHB José González 0-0: Ball
1-0: Ball
2-0: Ground out 1-3 (Groundball, P, EV 75.0 MPH)
Bottom of the 1st over - 0 runs, 1 hit, 0 errors, 1 left on base; Amarillo 1 - Bompton 0
TOP OF THE 2ND
Amarillo Warheads batting - Pitching for Bompton Baby Lakers : RHP Walton Gibbs
Batting: RHB Gary Pueblo 0-0: Called Strike
0-1: Ball
1-1: Foul Ball, location: 2F
1-2: Strikes out swinging
Batting: RHB Joe Gregory 0-0: Called Strike
0-1: Ball
1-1: Ball
2-1: DOUBLE (Flyball, 8RXD, EV 88.8 MPH)
Batting: RHB Norihisa Kino 0-0: Ball
1-0: Called Strike
1-1: Fly out, F9 (Flyball, 9S, EV 81.9 MPH)
Batting: LHB Caspar Fewings 0-0: Called Strike
0-1: Ball
1-1: Foul Ball, location: 2F
1-2: Ball
2-2: Ball
3-2: SINGLE (Flyball, 7LS, EV 83.1 MPH)
Joe Gregory to third
Joe Gregory scores
Batting: LHB Tippi Degré 0-0: Called Strike
0-1: SINGLE (Groundball, 4MD, EV 99.4 MPH)
Caspar Fewings to second
Runner from 2nd tries for 3rd, SAFE, no throw by CF
Batting: RHB António Hierro 0-0: Called Strike
0-1: Ground out 1-3 (Groundball, 34S, EV 76.9 MPH)
Top of the 2nd over - 1 run, 3 hits, 0 errors, 2 left on base; Amarillo 2 - Bompton 0
BOTTOM OF THE 2ND
Bompton Baby Lakers batting - Pitching for Amarillo Warheads : RHP Roberto Punyed
Batting: RHB Rick Pawlowicz 0-0: Ball
1-0: Ball
2-0: Called Strike
2-1: Ball
3-1: Foul Ball, location: 2F
3-2: Foul Ball, location: 2F
3-2: Base on Balls
Batting: RHB Ken Gil 0-0: Ball
1-0: Called Strike
1-1: Foul Ball, location: 2F
1-2: Foul Ball, location: 2F
1-2: Foul Ball, location: 2F
1-2: TRIPLE (Flyball, 89XD, EV 92.5 MPH)
Rick Pawlowicz scores
Batting: RHB Steffen Schulte 0-0: Ball
1-0: Ground out 1-3 (Groundball, 13, EV 68.1 MPH)
Batting: LHB Jon Kelly 0-0: Ground out 1-3 (Groundball, 25, EV 88.8 MPH)
Batting: RHB Truman Posner 0-0: SINGLE (Groundball, 56D, EV 98.1 MPH)
Ken Gil scores
Batting: RHB Aaron Tuttle 0-0: Called Strike
0-1: Foul Ball, location: 2F
0-2: Ball
1-2: Fly out, F8 (Line Drive, 8LD, EV 90.0 MPH)
Bottom of the 2nd over - 2 runs, 2 hits, 0 errors, 1 left on base; Amarillo 2 - Bompton 2
TOP OF THE 3RD
Amarillo Warheads batting - Pitching for Bompton Baby Lakers : RHP Walton Gibbs
Batting: RHB Joe Holmes 0-0: Ball
1-0: Ball
2-0: Ball
3-0: Base on Balls
Batting: RHB David Filmer 0-0: Ball
1-0: DOUBLE (Groundball, 5L, EV 96.2 MPH)
Joe Holmes to third
Batting: RHB Curtis Tiger 0-0: Swinging Strike
0-1: SINGLE (Line Drive, 4D, EV 99.4 MPH)
Joe Holmes scores
David Filmer to third
Batting: RHB Gary Pueblo 0-0: Ball
1-0: Ball
2-0: Called Strike
2-1: Foul Ball, location: 2F
2-2: Fly out, F8 (Line Drive, 8LM, EV 103.1 MPH)
Runner from 3rd tags up, SCORES, no throw by CF
Batting: RHB Joe Gregory 0-0: Grounds into double play, U6-3 (Groundball, 4M, EV 88.1 MPH)
Top of the 3rd over - 2 runs, 2 hits, 0 errors, 0 left on base; Amarillo 4 - Bompton 2
BOTTOM OF THE 3RD
Bompton Baby Lakers batting - Pitching for Amarillo Warheads : RHP Roberto Punyed
Batting: LHB Ben Chell 0-0: SOLO HOME RUN (Flyball, 9LD, EV 100.6 MPH), Distance : 342 ft
Batting: RHB Maema Njongmeta 0-0: Fly out, F8 (Flyball, 8LD, EV 100.0 MPH)
Batting: RHB José González 0-0: Called Strike
0-1: Fly out, F7 (Flyball, 7D, EV 102.5 MPH)
Batting: RHB Rick Pawlowicz 0-0: Ball
1-0: Ball
2-0: Ball
3-0: Base on Balls
Batting: RHB Ken Gil 0-0: Fly out, F9 (Flyball, 89M, EV 85.6 MPH)
Bottom of the 3rd over - 1 run, 1 hit, 0 errors, 1 left on base; Amarillo 4 - Bompton 3
TOP OF THE 4TH
Amarillo Warheads batting - Pitching for Bompton Baby Lakers : RHP Walton Gibbs
Batting: RHB Norihisa Kino 0-0: Ground out 6-3 (Groundball, 6, EV 100.0 MPH)
Batting: LHB Caspar Fewings 0-0: Called Strike
0-1: Swinging Strike
0-2: Foul Ball, location: 2F
0-2: Strikes out swinging
Batting: LHB Tippi Degré 0-0: Foul Ball, location: 2F
0-1: Ground out U3 (Groundball, 34, EV 82.5 MPH)
Top of the 4th over - 0 runs, 0 hits, 0 errors, 0 left on base; Amarillo 4 - Bompton 3
BOTTOM OF THE 4TH
Bompton Baby Lakers batting - Pitching for Amarillo Warheads : RHP Roberto Punyed
Batting: RHB Steffen Schulte 0-0: DOUBLE (Line Drive, 89M, EV 103.1 MPH)
Batting: LHB Jon Kelly 0-0: Called Strike
0-1: Ball
1-1: Ball
2-1: Foul Ball, location: 2F
2-2: Ground out U3 (Groundball, 34, EV 100.0 MPH)
Steffen Schulte to third
Batting: RHB Truman Posner 0-0: Called Strike
0-1: Foul Ball, location: 2F
0-2: Strikes out swinging
Batting: RHB Aaron Tuttle 0-0: Fly out, F8 (Line Drive, 8RD, EV 89.4 MPH)
Bottom of the 4th over - 0 runs, 1 hit, 0 errors, 1 left on base; Amarillo 4 - Bompton 3
TOP OF THE 5TH
Amarillo Warheads batting - Pitching for Bompton Baby Lakers : RHP Walton Gibbs
Batting: RHB António Hierro 0-0: Called Strike
0-1: Ground out 4-3 (Groundball, 34, EV 89.4 MPH)
Batting: RHB Joe Holmes 0-0: Called Strike
0-1: Foul Ball, location: 2F
0-2: Foul Ball, location: 2F
0-2: Fly out, F9 (Flyball, 9S, EV 84.4 MPH)
Batting: RHB David Filmer 0-0: SINGLE (Groundball, 34D, EV 101.2 MPH)
Pitching: RHP Pierre Vannier
Batting: RHB Curtis Tiger 0-0: Ball
1-0: Called Strike
1-1: Called Strike
David Filmer steals 2nd base
1-2: SINGLE (Line Drive, 9S, EV 102.5 MPH)
David Filmer to third
Runner from 3rd tries for Home, throw by RF and OUT! 9-2
Top of the 5th over - 0 runs, 2 hits, 0 errors, 1 left on base; Amarillo 4 - Bompton 3
BOTTOM OF THE 5TH
Bompton Baby Lakers batting - Pitching for Amarillo Warheads : RHP Roberto Punyed
Batting: LHB Ben Chell 0-0: Fly out, F8 (Line Drive, 8LD, EV 97.5 MPH)
Batting: RHB Maema Njongmeta 0-0: Ground out 5-3 (Groundball, 56S, EV 81.9 MPH)
Batting: RHB José González 0-0: Called Strike
0-1: Ball
1-1: Foul Ball, location: 2F
1-2: Fly out, F5 (Popup, 56, EV 68.8 MPH)
Bottom of the 5th over - 0 runs, 0 hits, 0 errors, 0 left on base; Amarillo 4 - Bompton 3
TOP OF THE 6TH
Amarillo Warheads batting - Pitching for Bompton Baby Lakers : RHP Pierre Vannier
Batting: RHB Gary Pueblo 0-0: Ball
1-0: Ball
2-0: Ball
3-0: Called Strike
3-1: SINGLE (Line Drive, 7S, EV 100.0 MPH)
Batting: RHB Joe Gregory 0-0: Called Strike
Gary Pueblo is caught stealing 2nd base 2-4
0-1: Ground out U3 (Groundball, 34S, EV 87.5 MPH)
Batting: RHB Norihisa Kino 0-0: Ball
1-0: Ball
2-0: Ground out 5-3 (Groundball, 56, EV 107.5 MPH)
Top of the 6th over - 0 runs, 1 hit, 0 errors, 0 left on base; Amarillo 4 - Bompton 3
BOTTOM OF THE 6TH
Bompton Baby Lakers batting - Pitching for Amarillo Warheads : RHP Roberto Punyed
Batting: RHB Rick Pawlowicz 0-0: Ball
1-0: Ball
2-0: Called Strike
2-1: Ground out 2-3 (Groundball, 15S, EV 76.2 MPH)
Batting: RHB Ken Gil 0-0: Ball
1-0: DOUBLE (Flyball, 89D, EV 103.8 MPH)
Batting: RHB Steffen Schulte 0-0: Ground out 5-3 (Groundball, 56S, EV 88.8 MPH)
Batting: LHB Jon Kelly 0-0: Ball
1-0: Ball
2-0: Swinging Strike
2-1: Ball
3-1: Base on Balls
Batting: RHB Truman Posner 0-0: Foul Ball, location: 2F
0-1: Called Strike
0-2: Strikes out swinging
Bottom of the 6th over - 0 runs, 1 hit, 0 errors, 2 left on base; Amarillo 4 - Bompton 3
TOP OF THE 7TH
Amarillo Warheads batting - Pitching for Bompton Baby Lakers : RHP Pierre Vannier
Batting: LHB Caspar Fewings 0-0: Ball
1-0: Called Strike
1-1: Called Strike
1-2: Strikes out swinging
Batting: LHB Tippi Degré 0-0: Ball
1-0: Swinging Strike
1-1: Ball
2-1: SOLO HOME RUN (Flyball, 9D, EV 100.6 MPH), Distance : 367 ft
Batting: RHB António Hierro 0-0: Fly out, F8 (Flyball, 8RD, EV 80.0 MPH)
Batting: RHB Joe Holmes 0-0: Called Strike
0-1: Ball
1-1: Swinging Strike
1-2: Foul Ball, location: 2F
1-2: Ball
2-2: Fly out, F8 (Flyball, 89M, EV 95.6 MPH)
Top of the 7th over - 1 run, 1 hit, 0 errors, 0 left on base; Amarillo 5 - Bompton 3
BOTTOM OF THE 7TH
Bompton Baby Lakers batting - Pitching for Amarillo Warheads : RHP Roberto Punyed
Batting: RHB Aaron Tuttle 0-0: Ball
1-0: Ball
2-0: Called Strike
2-1: Ball
3-1: Called Strike
3-2: SINGLE (Groundball, 4MD, EV 96.9 MPH)
Pitching: RHP Jhon Aimar
Batting: LHB Ben Chell 0-0: Called Strike
0-1: Hit by Pitch
Aaron Tuttle to second
Batting: RHB Maema Njongmeta 0-0: Ball
1-0: Called Strike
1-1: Ball
2-1: Foul Ball, location: 2F
2-2: Strikes out looking
Batting: RHB José González 0-0: Called Strike
0-1: 3-RUN HOME RUN (Flyball, 78XD, EV 100.6 MPH), Distance : 400 ft
Batting: RHB Rick Pawlowicz 0-0: Ball
1-0: Ball
2-0: Foul Ball, location: 2F
2-1: Foul Ball, location: 2F
2-2: Ball
3-2: Base on Balls
Batting: RHB Ken Gil 0-0: Ball
1-0: Called Strike
1-1: Foul Ball, location: 2F
1-2: Strikes out swinging
Batting: RHB Steffen Schulte 0-0: Called Strike
0-1: Ball
1-1: Foul Ball, location: 2F
1-2: Foul Ball, location: 2F
1-2: Strikes out swinging
Bottom of the 7th over - 3 runs, 2 hits, 0 errors, 1 left on base; Amarillo 5 - Bompton 6
TOP OF THE 8TH
Amarillo Warheads batting - Pitching for Bompton Baby Lakers : RHP Pierre Vannier
Batting: RHB David Filmer 0-0: Ball
1-0: Ball
2-0: Called Strike
2-1: Ball
3-1: Called Strike
3-2: Base on Balls
Pitching: RHP Yong-jun Yi
Pinch Hitting: LHB Rick Crockett 0-0: Called Strike
0-1: Called Strike
0-2: Ball
1-2: Fly out, F8 (Flyball, 8LS, EV 88.1 MPH)
Pitching: RHP Gene Kelly
Pinch Hitting: RHB John Crosby 0-0: Fly out, F9 (Flyball, 9, EV 88.1 MPH)
Batting: RHB Joe Gregory 0-0: Called Strike
0-1: Ball
1-1: SINGLE (Line Drive, 3D, EV 97.5 MPH)
David Filmer to second
Runner from 2nd tries for 3rd, SAFE, throw by RF made to third
Now in CF: Wei Tu
Batting: RHB Norihisa Kino 0-0: Fly out, F9 (Flyball, 9S, EV 91.2 MPH)
Top of the 8th over - 0 runs, 1 hit, 0 errors, 2 left on base; Amarillo 5 - Bompton 6
BOTTOM OF THE 8TH
Bompton Baby Lakers batting - Pitching for Amarillo Warheads : RHP Jhon Aimar
Now at 2B: Jim Rigsby
Now in CF: Jim McCourtney
Batting: LHB Jon Kelly 0-0: Called Strike
0-1: Swinging Strike
0-2: Ball
1-2: Strikes out swinging
Batting: RHB Truman Posner 0-0: Called Strike
0-1: Called Strike
0-2: Ball
1-2: Strikes out looking
Batting: RHB Aaron Tuttle 0-0: Ball
1-0: Foul Ball, location: 2F
1-1: Fly out, F9 (Line Drive, 9D, EV 101.2 MPH)
Bottom of the 8th over - 0 runs, 0 hits, 0 errors, 0 left on base; Amarillo 5 - Bompton 6
TOP OF THE 9TH
Amarillo Warheads batting - Pitching for Bompton Baby Lakers : RHP Gene Kelly
Batting: LHB Caspar Fewings 0-0: Ground out 4-3 (Groundball, 4, EV 105.0 MPH)
Batting: LHB Tippi Degré 0-0: Called Strike
0-1: Called Strike
0-2: Ball
1-2: Ball
2-2: SINGLE (Groundball, 4D, EV 108.1 MPH)
Batting: RHB António Hierro 0-0: Ball
1-0: Foul Ball, location: 2F
1-1: Fly out, F9 (Flyball, 9LM, EV 93.1 MPH)
Batting: RHB Joe Holmes 0-0: Ball
1-0: Fly out, F3 (Popup, 23F, EV 86.9 MPH)
Top of the 9th over - 0 runs, 1 hit, 0 errors, 1 left on base; Amarillo 5 - Bompton 6
Friday, April 17th, 2020 - OOTP Baseball 20.8 Build 74